 Dungeon Crawl Stone Soup version 0.18-a0-1203-gbde16db (webtiles) character file.

6 4thArraOfDagon the Skirmisher (level 1, 0/19 HPs)
             Began as a Centaur Berserker on Jan 31, 2016.
             Was a Follower of Trog.
             Succumbed to a kobold's poison
             ... on level 3 of the Dungeon.
             The game lasted 00:00:48 (115 turns).

4thArraOfDagon the Skirmisher (Centaur Berserker)    Turns: 115, Time: 00:00:48

Health: 0/19       AC:  8    Str: 17    XL:     1   Next: 75%
Magic:  1/1        EV: 11    Int:  6    God:    Trog [*.....]
Gold:   12         SH:  0    Dex:  7    Spells: 0 memorised, 0 levels left

rFire  . . .     SeeInvis .     a - +0 hand axe
rCold  . . .     Gourm    .     b - +0 animal skin
rNeg   . . .     Faith    .     (no shield)
rPois  .         Spirit   .     (no helmet)
rElec  .         Dismiss  .     (no cloak)
rCorr  .         Reflect  .     (no gloves)
SustAt .         Harm     .     (no barding)
MR     .....                    (no amulet)
Stlth  +.........               (no ring)
                                (no ring)

@: lethally poisoned (0 -> -11), exhausted, slowed, drained, not resistant to
hostile enchantments, very unstealthy
A: hooves 3, repulsion field 1, rough black scales 1, deformed body, speed 2,
tough skin 3, weak 1
a: Berserk, Burn Spellbooks, Renounce Religion


You were on level 3 of the Dungeon.
You worshipped Trog.
Trog was aware of your devotion.
You were not hungry.

You visited 1 branch of the dungeon, and saw 3 of its levels.

You collected 12 gold pieces.

Inventory:

Hand Weapons
 a - a +0 hand axe (weapon)
Armour
 b - a +0 animal skin (worn)
Scrolls
 d - 2 scrolls of identify {unknown}
 e - a scroll of enchant weapon {unknown}
Comestibles
 c - a bread ration


   Skills:
 + Level 3.2(2.2) Fighting
 * Level 2.8(1.8) Axes
 + Level 1.5(0.6) Armour
 - Level 1.3(0.4) Dodging


You couldn't memorise any spells.
You didn't know any spells.

Dungeon Overview and Level Annotations

Branches:
Dungeon (3/15)

Altars:


Innate Abilities, Weirdness & Mutations

You have hooves in place of feet.
Armour fits poorly on your strangely shaped body.
You cover ground very quickly.
You have extremely tough skin (AC +3).
You are surrounded by a mild repulsion field (EV +2).
You are partially covered in rough black scales (AC +4, Dex -1).
You are weak. (Str -2)


Message History

You kill the quokka!
Trog accepts your kill.
You hit the kobold.
You feel the power of Trog in you as your rage grows.
You kill the kobold!
Trog accepts your kill.
* * * LOW HITPOINT WARNING * * *
You feel sick.
Items here: ( )) † a whip; a dagger; a poisoned needle; a kobold corpse You feel a strong urge to attack something.
* * * LOW HITPOINT WARNING * * *
You feel sick.
You see here a poisoned needle.
You feel your anger subside.
You are no longer berserk.
You are exhausted.
You feel yourself slow down.
* * * LOW HITPOINT WARNING * * *
You feel sick.
You die...

....( .............
...#.. ............
....... #..........
....... #.........
####......
#.......##........... .
#........#...........
...#........#...........
.......@................
........................
.....................##.
.......)............. #.
##.........()....# #.
#....%..........# #.
#............(..# #.
#...........##.## #.
#...........##.# #.


There were no monsters in sight!

Vanquished Creatures
  2 goblins (D:3)
  2 kobolds (D:3)
  A quokka (D:3)
5 creatures vanquished.

Notes
Turn   | Place    | Note
--------------------------------------------------------------
     0 | D:1      | 4thArraOfDagon the Centaur Berserker began the quest for the Orb.
     0 | D:1      | Reached XP level 1. HP: 19/19 MP: 1/1
    36 | D:1      | Gained mutation: You are weak. (Str -2) [potion of mutation]
    36 | D:1      | Gained mutation: You are partially covered in rough black scales (AC +4, Dex -1). [potion of mutation]
    36 | D:1      | Gained mutation: You are surrounded by a mild repulsion field (EV +2). [potion of mutation]
    51 | D:2      | freedef
   115 | D:3      | Succumbed to a kobold's poison

Vault maps used:
D:1:      evilmike_arrival_hilbert_curve, serial_forest,
          infiniplex_forest_clump_long, infiniplex_forest_end_1,
          infiniplex_forest_clump_large, infiniplex_forest_split,
          infiniplex_forest_lined_2, infiniplex_forest_clump_tiny,
          infiniplex_forest_clump_C, infiniplex_forest_3_way, minmay_ruptured
D:2:      nicolae_qazlal_style_of_elements
D:3:      wad_pebble_path, first_bread

Action                   || total
-------------------------++-------
Melee: Hand axe          ||     8
Invok: Berserk           ||     1
  Use: Potion            ||     1
